 Dungeon Crawl Stone Soup version 0.20-a0-454-g2b43fbb (console) character file.

150539 nht the Severer (level 16, -15/216 HPs)
             Began as a Minotaur Berserker on Jan 8, 2017.
             Was a High Priest of Trog.
             Hit by a javelin thrown by a merfolk javelineer (25 damage)
             ... on level 4 of the Shoals.
             The game lasted 01:04:12 (23534 turns).

nht the Severer (Minotaur Berserker)               Turns: 23534, Time: 01:04:13

Health: -15/216    AC: 17    Str: 34    XL:     16   Next: 99%
Magic:  15/15      EV: 21    Int:  4    God:    Trog [*****.]
Gold:   841        SH:  0    Dex: 18    Spells: 15/15 levels left

rFire  . . .     SeeInvis +     a - +3 battleaxe {speed, rElec Dex+8}
rCold  . . .     Gourm    .     U - +3 troll leather armour {Snorg}
rNeg   . . .     Faith    .     (shield currently unavailable)
rPois  +         Spirit   .     g - +2 hat {SInv}
rElec  +         Reflect  .     j - +2 cloak {+Inv}
rCorr  .         Harm     .     f - +1 pair of gloves
MR     ++++.                    (no boots)
Stlth  ..........               C - amulet of regeneration
                                m - ring of poison resistance
                                n - ring of protection from magic

@: berserking (expiring), regenerating, very quick
A: retaliatory headbutt, horns 2, wild magic 1
a: Berserk, Trog's Hand, Brothers in Arms, Burn Spellbooks, Renounce Religion,
Evoke Invisibility


You were on level 4 of the Shoals.
You worshipped Trog.
Trog was extremely pleased with you.
You were near starving.

You visited 4 branches of the dungeon, and saw 27 of its levels.
You also visited: Labyrinth, Trove and Sewer.

You collected 2395 gold pieces.
You spent 1554 gold pieces at shops.

Inventory:

Hand Weapons
 a - the +3 battleaxe "Sommoil" (weapon) {speed, rElec Dex+8}
   (Trog gifted it to you on level 15 of the Dungeon)

   Attacks with this weapon are significantly faster.
   It affects your dexterity (+8).
   It insulates you from electricity.
 L - a +3 executioner's axe of chopping
 V - a +4 antimagic battleaxe
 Z - a +7 blowgun
Missiles
 e - 9 curare-tipped needles
 q - 8 poisoned javelins
 x - 7 needles of sleeping
 E - 31 poisoned needles
 H - 34 javelins
 I - 12 throwing nets
 K - 9 needles of paralysis
 S - 71 tomahawks
 Y - 25 tomahawks of returning (quivered)
Armour
 f - a +1 pair of gloves (worn)
 g - a +2 hat of see invisible (worn)
 j - a +2 cloak of invisibility (worn)
 s - +0 fire dragon scales
 U - a +3 troll leather armour (worn) {Snorg}
 W - +1 ice dragon scales
 X - the +5 ring mail of Summer {+Inv rElec rCorr Str-2}
   (You bought it in a shop on level 2 of the Orcish Mines)

   It affects your strength (-2).
   It insulates you from electricity.
   It lets you turn invisible.
   It protects you from acid and corrosion.
Jewellery
 m - a ring of poison resistance (right hand)
 n - a ring of protection from magic (left hand)
 C - an amulet of regeneration (around neck)
 F - an uncursed ring of protection from cold
 G - an uncursed ring of protection from fire
 J - an uncursed ring of protection from magic
 P - an uncursed ring of positive energy
Wands
 B - a wand of digging (24/24)
 M - a wand of iceblast (0/15)
 Q - a wand of disintegration (12/24)
Scrolls
 d - 9 scrolls of teleportation
 k - 5 scrolls of magic mapping
 l - 3 scrolls of fear
 y - 15 scrolls of remove curse
 A - a scroll of blinking
 D - 4 scrolls of recharging
 N - 8 scrolls of identify
Potions
 p - 6 potions of haste
 r - 5 potions of flight
 t - 2 potions of ambrosia
 u - a potion of cancellation
 v - a potion of berserk rage
 z - 4 potions of heal wounds
 O - 7 potions of curing
 R - a potion of agility
 T - 2 potions of might
Comestibles
 b - 13 beef jerkies
 c - 14 bread rations
 h - 12 meat rations
 i - 17 fruits
 o - 22 chunks of flesh
 w - 6 slices of pizza


   Skills:
 + Level 13.2 Fighting
 * Level 20.3 Axes
 * Level 17.0 Throwing
 - Level 12.5 Armour
 - Level 11.5 Dodging


You had 15 spell levels left.
You didn't know any spells.

Dungeon Overview and Level Annotations

Branches:
Dungeon (15/15)            Temple (0/1) D:5            Lair (6/6) D:11
 Shoals (4/4) Lair:4       Spider (0/4) Lair:2        Slime (0/5) Lair:5
    Orc (2/2) D:11            Elf (0/3) Orc:2        Vaults (0/5) D:14
 Depths (0/5) D:15

Altars:
Dithmenos
Elyvilon
Okawaru
Qazlal
Sif Muna
Trog
Uskayaw
Xom
Zin
The Shining One

Shops:
D:4 ?   D:6 *   D:7 *   D:9 *   Orc:1 *}*   Orc:2 ([*:


Innate Abilities, Weirdness & Mutations

You reflexively headbutt those who attack you in melee.
You have a pair of horns on your head.
Your spells are a little harder to cast, but a little more powerful.


Message History

Your two-headed ogre hits the snapping turtle with a giant club!!
The snapping turtle dies!
Trog accepts your kill.
You feel a strong urge to attack something.
The merfolk javelineer completely misses you.
Things that are here:
a trident; a metallic amethyst potion; a merfolk corpse The merfolk javelineer throws a javelin.
The javelin hits you!
* * * LOW HITPOINT WARNING * * *
You see here a javelin.
You barely miss the merfolk javelineer. You headbutt the merfolk javelineer!
The merfolk javelineer is lightly wounded.
You miss the merfolk javelineer.
The merfolk javelineer is lightly wounded.
You miss the merfolk javelineer. You headbutt the merfolk javelineer.
The merfolk javelineer is lightly wounded.
The merfolk javelineer throws a javelin.
The javelin hits you!!
You die...

≈≈≈≈≈≈≈ ≈≈≈≈≈≈≈≈≈.(....≈≈≈≈█
≈≈..≈≈≈≈≈≈≈≈≈≈≈≈≈(.....≈≈≈≈≈
≈≈.≈≈≈≈≈≈≈≈≈≈≈≈≈......≈≈≈≈≈
≈≈...≈≈≈≈..≈≈..≈(██..≈≈≈≈≈≈
≈≈..≈≈≈≈≈........██...≈≈≈≈≈
P≈P≈≈≈≈≈≈≈...≈≈(███...≈≈≈≈≈
.P....≈≈≈≈......███...≈≈≈≈≈
..P............m██..)≈≈≈≈≈≈
P.P≈≈≈≈....≈≈...@)..≈≈≈≈≈≈≈
.PP.P≈.....≈≈...O...≈≈≈≈≈≈.
[P███..)............≈≈≈≈≈≈.
P.P██...P.......)...≈≈≈≈≈≈.
P.P..P..............≈≈≈≈≈≈.
.....................≈≈≈≈≈.
≈≈...).....÷.........≈≈≈≈≈
≈≈≈P..≈..............≈≈≈≈≈
≈≈≈≈.≈≈≈........██████≈≈≈≈


You could see a merfolk javelineer and a friendly two-headed ogre (berserk).

Vanquished Creatures
  Gastronok (Lair:3)
  Azrael (Orc:2)
  Snorg (Lair:6)
  3 ettins
  A minotaur (Lab)
  2 merfolk javelineers (Shoals:4)
  6 merfolk impalers
  Harold (D:11)
  Erolcha (Orc:2)
  A hydra (D:15)
  3 catoblepae
  A merfolk avatar (Shoals:3)
  6 merfolk aquamancers
  3 satyrs (Shoals:3)
  The ghost of barakagiga the Grappler, a novice TrMo of Makhleb (Lair:1)
  2 death knights
  3 centaur warriors
  2 ogre magi (D:15)
  17 two-headed ogres
  3 orc high priests (Orc:2)
  A tengu warrior (D:15)
  Sonja (Orc:2)
  A skeletal warrior (D:15)
  17 sea snakes
  2 unseen horrors (D:14)
  A deep troll (D:15)
  2 lindwurms (shapeshifter)
  2 phantasmal warriors (D:15)
  An obsidian statue (Shoals:1)
  3 orc knights
  3 deep elf magi
  2 wolf spiders
  An oklob plant (Lair:6)
  20 ugly things
  17 manticores
  13 fauns
  3 orc sorcerers (Orc:2)
  2 black mambas
  Maurice (D:11)
  5 elephants (Lair:6)
  5 cyclopes
  6 merfolk sirens
  9 spiny frogs
  6 water nymphs
  A centaur zombie (D:13)
  2 torpor snails (Lair:6)
  2 centaur skeletons
  2 gargoyles
  A freezing wraith (D:15)
  3 rime drakes
  11 komodo dragons
  A tengu conjurer (D:15)
  23 merfolk
  A meliai (shapeshifter) (D:13)
  6 wind drakes
  3 meliai (D:15)
  6 polar bears
  10 trolls
  Prince Ribbit (D:5)
  3 hornets (Lair:6)
  19 blink frogs
  18 dream sheep
  2 slime creatures (D:14)
  18 hippogriffs
  A minotaur skeleton (Lab)
  7 snapping turtles
  The ghost of anet the Magician, an amateur DEWz (D:4)
  Sigmund (D:2)
  A centaur simulacrum (D:15)
  25 yaks
  3 wraiths
  A shadow (D:11)
  2 vampires
  12 water elementals
  3 wyverns
  A fire elemental (Orc:2)
  14 spriggans (Lair:6)
  6 basilisks
  3 hungry ghosts
  4 vampire mosquitoes (D:14)
  A warg (Orc:1)
  2 acid dragons
  15 water moccasins
  3 hell hounds (Orc:2)
  9 porcupines
  2 hornet zombies
  2 ice beasts
  A sky beast (D:14)
  24 orc warriors
  3 black bears (Lair:6)
  2 phantoms
  9 ogres
  4 boggarts (Lair:6)
  2 necrophages
  2 killer bees (D:8)
  21 wolves
  9 centaurs
  16 crocodiles
  Blork the orc (D:5)
  21 bullfrogs
  A wyvern zombie (D:8)
  A gnoll sergeant (D:11)
  A wyvern skeleton (D:14)
  3 scorpions
  8 howler monkeys
  An electric eel (Lair:5)
  6 crimson imps
  A jelly (D:10)
  3 bullfrog zombies
  2 hounds
  2 bullfrog skeletons (D:13)
  25 orc priests
  3 iguanas
  Ijyb (D:2)
  Terence (D:2)
  Natasha (twice) (D:2)
  25 orc wizards
  13 worker ants
  A worker ant zombie (D:8)
  18 adders
  14 gnolls
  4 shadow imps
  An adder zombie (D:6)
  2 worms
  An adder skeleton (D:6)
  3 dart slugs
  10 leopard geckos
  63 orcs
  6 bats
  5 giant cockroaches
  3 goblins
  4 hobgoblins (D:1)
  6 jackals
  6 kobolds
  6 quokkas
  3 frilled lizards
  A giant cockroach zombie (D:6)
  2 jackal skeletons
  A leopard gecko skeleton (D:4)
  A quokka skeleton (D:3)
  2 quokka zombies
  6 rats
  8 fungi
  5 plants
831 creatures vanquished.

Vanquished Creatures (collateral kills)
  Ilsuiw (Shoals:4)
  An orc warlord (Orc:2)
  2 hydras
  A merfolk avatar (Shoals:4)
  Nergalle (Lair:3)
  A sea snake (Shoals:4)
  2 orc knights (Orc:2)
  2 orc sorcerers (Orc:2)
  Psyche (D:8)
  A komodo dragon (Lair:3)
  A merfolk (Shoals:4)
  A snapping turtle (Shoals:4)
  4 yaks (Lair:2)
  A basilisk (Lair:2)
  A porcupine (Lair:3)
  4 orc warriors (Orc:2)
  2 centaurs (D:14)
  2 crocodiles
  3 orc wizards (Orc:2)
  5 orc priests (Orc:2)
  7 orcs
44 creatures vanquished.

Vanquished Creatures (others)
  An eye of draining (D:13)
  2 killer bees
  An orc priest (Orc:2)
  A quokka (D:8)
  A frilled lizard (D:4)
  A jackal skeleton (D:4)
  A bush (D:11)
  14 fungi
  6 plants
28 creatures vanquished.

Grand Total: 903 creatures vanquished

Notes
Turn   | Place    | Note
-------+----------+-------------------------------------------
     0 | D:1      | nht the Minotaur Berserker began the quest for the Orb.
     0 | D:1      | Reached XP level 1. HP: 19/19 MP: 0/0
   432 | D:1      | Reached XP level 2. HP: 27/27 MP: 1/1
   516 | D:1      | You fall through a shaft!
   516 | D:2      | Noticed Ijyb
   533 | D:2      | Killed Ijyb
   533 | D:2      | Reached skill level 4 in Axes
   533 | D:2      | Reached XP level 3. HP: 15/33 MP: 2/2
   534 | D:2      | Reached skill level 5 in Axes
  1000 | D:2      | Reached XP level 4. HP: 40/40 MP: 3/3
  1046 | D:2      | Found a hide-covered altar of Uskayaw.
  1182 | D:2      | Found a faded altar of an unknown god.
  1185 | D:2      | Reached skill level 6 in Axes
  1201 | D:2      | Noticed Terence
  1207 | D:2      | Killed Terence
  1260 | D:2      | Noticed Sigmund
  1267 | D:2      | Killed Sigmund
  1267 | D:2      | Reached skill level 7 in Axes
  1267 | D:2      | Reached XP level 5. HP: 46/46 MP: 4/4
  1267 | D:2      | Reached XP level 6. HP: 52/52 MP: 5/5
  1354 | D:2      | Noticed Natasha
  1360 | D:2      | Killed Natasha
  1360 | D:2      | Reached skill level 8 in Axes
  1395 | D:2      | Noticed Natasha
  1405 | D:2      | Killed Natasha
  1405 | D:2      | Reached ** piety under Trog
  2478 | D:4      | Found Xoanudosel's Magic Scroll Boutique.
  2481 | D:4      | Bought a scroll of identify for 22 gold pieces
  2481 | D:4      | Bought a scroll of teleportation for 33 gold pieces
  2481 | D:4      | Bought a scroll of identify for 22 gold pieces
  2481 | D:4      | Bought a scroll of identify for 22 gold pieces
  2481 | D:4      | Bought a scroll of identify for 22 gold pieces
  2614 | D:4      | Noticed anet's ghost (amateur DEWz)
  2620 | D:4      | Killed anet's ghost
  2620 | D:4      | Reached skill level 9 in Axes
  2620 | D:4      | Reached XP level 7. HP: 58/58 MP: 6/6
  2764 | D:4      | Reached *** piety under Trog
  3031 | D:5      | Entered Level 5 of the Dungeon
  3033 | D:5      | Noticed Prince Ribbit
  3095 | D:5      | Noticed Blork the orc
  3102 | D:5      | Killed Blork the orc
  3102 | D:5      | Reached skill level 10 in Axes
  3207 | D:5      | Found a staircase to the Ecumenical Temple.
  3228 | D:5      | Found a shadowy altar of Dithmenos.
  3228 | D:5      | Found a deep blue altar of Sif Muna.
  3410 | D:5      | Killed Prince Ribbit
  3410 | D:5      | Reached skill level 11 in Axes
  3410 | D:5      | Reached XP level 8. HP: 66/66 MP: 7/7
  3688 | D:6      | Reached skill level 12 in Axes
  3730 | D:6      | Found Vilupica's Assorted Antiques.
  3738 | D:6      | Bought a scroll labeled KIETOI DEONO for 31 gold pieces
  3738 | D:6      | Bought a square copper amulet for 155 gold pieces
  3872 | D:6      | Reached **** piety under Trog
  3923 | D:6      | Found a glowing drain.
  3932 | Sewer    | Entered a sewer
  3941 | Sewer    | Reached skill level 13 in Axes
  4498 | D:7      | Found Sekat's Assorted Antiques.
  4520 | D:7      | Noticed a hippogriff
  4528 | D:7      | Killed a hippogriff
  4528 | D:7      | Reached XP level 9. HP: 54/71 MP: 8/8
  4550 | D:7      | Reached skill level 14 in Axes
  4636 | D:7      | Found an iron altar of Okawaru.
  4718 | D:7      | Found an iron altar of Okawaru.
  4720 | D:7      | Found a glowing golden altar of the Shining One.
  4761 | D:7      | Identified Lehudib's Almanac of Ashen Attacks
  4849 | D:7      | Received a gift from Trog
  5137 | D:8      | Found a white marble altar of Elyvilon.
  5163 | D:8      | Noticed a two-headed ogre
  5165 | D:8      | Reached skill level 15 in Axes
  5169 | D:8      | Killed a two-headed ogre
  5177 | D:8      | Noticed Psyche
  5181 | D:8      | Killed Psyche
  5181 | D:8      | Reached skill level 16 in Axes
  5202 | D:8      | Noticed a two-headed ogre
  5212 | D:8      | Killed a two-headed ogre
  5212 | D:8      | Reached XP level 10. HP: 78/78 MP: 9/9
  5655 | D:8      | Reached skill level 17 in Axes
  5736 | D:9      | Found a bloodstained altar of Trog.
  5801 | D:9      | Found a stormy altar of Qazlal.
  5809 | D:9      | Found a glowing silver altar of Zin.
  5809 | D:9      | Found Zin's Purification Station.
  5829 | D:9      | Reached ***** piety under Trog
  6208 | D:10     | Entered Level 10 of the Dungeon
  6850 | D:11     | Noticed a purple ugly thing
  6856 | D:11     | Killed a purple ugly thing
  6860 | D:11     | Reached skill level 5 in Fighting
  6892 | D:11     | Noticed Maurice
  6892 | D:11     | Noticed Harold
  6902 | D:11     | Killed Maurice
  6902 | D:11     | Reached XP level 11. HP: 88/88 MP: 10/10
  6909 | D:11     | Killed Harold
  6909 | D:11     | Reached skill level 5 in Armour
  6929 | D:11     | Noticed a two-headed ogre
  7186 | D:12     | Noticed a two-headed ogre
  7196 | D:12     | Killed a two-headed ogre
  7247 | D:11     | Reached skill level 18 in Axes
  7288 | D:11     | Reached skill level 5 in Dodging
  7413 | D:11     | Noticed a two-headed ogre
  7423 | D:11     | Killed a two-headed ogre
  7465 | D:11     | Killed a two-headed ogre
  7505 | D:11     | Got a shimmering chain mail
  7516 | D:11     | Identified the cursed +0 chain mail of the Pure Orbs {Int+3} (You took it off an orc on level 11 of the Dungeon)
  7522 | D:11     | Found a staircase to the Orcish Mines.
  7607 | D:11     | Found a staircase to the Lair.
  7745 | D:11     | Noticed a two-headed ogre
  7751 | D:11     | Killed a two-headed ogre
  7816 | D:11     | Noticed a two-headed ogre
  7821 | D:11     | Killed a two-headed ogre
  7879 | D:11     | Noticed a two-headed ogre
  7884 | D:11     | Killed a two-headed ogre
  7974 | D:11     | Noticed a red ugly thing
  7975 | D:11     | Noticed a purple ugly thing
  7983 | D:11     | Killed a red ugly thing
  7983 | D:11     | Reached XP level 12. HP: 101/101 MP: 11/11
  8213 | D:12     | Found a portal to a secret trove of treasure.
  8593 | D:12     | Received a gift from Trog
  8616 | D:12     | Reached skill level 19 in Axes
  8681 | Lair:1   | Entered Level 1 of the Lair of Beasts
  8970 | Lair:1   | Noticed barakagiga's ghost (novice TrMo)
  8985 | Lair:1   | Killed barakagiga's ghost
  9588 | Lair:2   | Gained mutation: Your spells are a little harder to cast, but a little more powerful. [potion of beneficial mutation]
  9773 | Lair:2   | Noticed a catoblepas
  9788 | Lair:2   | Killed a catoblepas
  9984 | Lair:2   | Noticed a four-headed hydra
  9996 | Lair:2   | Killed a four-headed hydra
 10009 | Lair:2   | Found a hole to the Spider Nest.
 10477 | Lair:3   | Noticed Gastronok
 10489 | Lair:3   | Killed Gastronok
 10489 | Lair:3   | Reached XP level 13. HP: 112/112 MP: 4/12
 10536 | Lair:3   | Noticed Nergalle
 10543 | Lair:3   | Killed Nergalle
 10544 | Lair:3   | Reached skill level 20 in Axes
 11008 | Lair:3   | Reached skill level 10 in Fighting
 11369 | Lair:4   | Found a staircase to the Shoals.
 11444 | Lair:4   | Reached skill level 1 in Throwing
 11726 | Lair:4   | Received a gift from Trog
 12025 | Lair:5   | Reached skill level 5 in Throwing
 12419 | Lair:5   | Found a staircase to the Slime Pits.
 13127 | Lair:6   | Entered Level 6 of the Lair of Beasts
 13850 | Lair:6   | Noticed Snorg
 13862 | Lair:6   | Killed Snorg
 13862 | Lair:6   | Reached skill level 10 in Throwing
 13862 | Lair:6   | Reached XP level 14. HP: 121/121 MP: 4/13
 14005 | Lair:6   | Found a shimmering altar of Xom.
 14107 | Lair:6   | Received a gift from Trog
 14863 | Orc:1    | Entered Level 1 of the Orcish Mines
 15082 | Orc:1    | Found Feklil's General Store.
 15096 | Orc:1    | Bought a scroll of identify for 34 gold pieces
 15096 | Orc:1    | Bought 2 potions of might for 136 gold pieces
 15096 | Orc:1    | Bought 7 javelins for 95 gold pieces
 15096 | Orc:1    | Bought a scroll of fear for 59 gold pieces
 15162 | Orc:1    | Found Rosm's Gadget Emporium.
 15189 | Orc:1    | You fall through a shaft!
 15189 | Orc:2    | Entered Level 2 of the Orcish Mines
 15195 | Orc:2    | Found a labyrinth entrance.
 15196 | Orc:2    | Found Icvir's Assorted Antiques.
 15200 | Orc:2    | Received a gift from Trog
 15223 | Orc:2    | Noticed Erolcha
 15225 | Lab      | Entered a labyrinth
 15311 | Lab      | Identified the Collected Works on Creation and Orientation
 15361 | Orc:2    | Killed Erolcha
 15528 | Orc:1    | Found Weifyrol's Assorted Antiques.
 15536 | Orc:1    | Bought a ring of evasion for 50 gold pieces
 15599 | Orc:2    | Found a staircase to the Elven Halls.
 15608 | Orc:2    | Noticed Azrael
 15698 | Orc:2    | Received a gift from Trog
 15736 | Orc:2    | Noticed an orc warlord
 15753 | Orc:2    | Killed an orc warlord
 15762 | Orc:2    | Received a gift from Trog
 15972 | Orc:2    | Found Hiuvawat's Antique Armour Emporium.
 15973 | Orc:2    | Found Viteif's Antique Weapon Shoppe.
 15974 | Orc:2    | Found Denkehol's General Store.
 15974 | Orc:2    | Found Imuym's Book Emporium.
 16150 | Orc:2    | Noticed Sonja
 16199 | Orc:2    | Killed Azrael
 16269 | Orc:2    | Killed Sonja
 16681 | D:7      | Bought an embroidered cloak for 315 gold pieces
 16870 | Orc:2    | Bought a jade-studded ring mail for 342 gold pieces
 16870 | Orc:2    | Bought a twisted robe for 216 gold pieces
 16880 | Orc:2    | Identified the +5 ring mail of Summer {+Inv rElec rCorr Str-2} (You bought it in a shop on level 2 of the Orcish Mines)
 16892 | Orc:2    | Identified the +2 robe of the Hart {+Inv Int+2} (You bought it in a shop on level 2 of the Orcish Mines)
 16995 | D:12     | You paid a toll of 2 potions of cure mutation to enter a treasure trove
 16996 | Trove    | Entered a treasure trove
 17328 | D:13     | Reached ****** piety under Trog
 17740 | D:13     | Received a gift from Trog
 17854 | D:13     | Reached XP level 15. HP: 126/126 MP: 4/14
 18005 | D:14     | Reached skill level 10 in Armour
 18422 | D:14     | Found a gate to the Vaults.
 18777 | D:15     | Entered Level 15 of the Dungeon
 18823 | D:15     | Received a gift from Trog
 18828 | D:15     | Reached skill level 15 in Throwing
 18830 | D:15     | Got a faintly glowing battleaxe {god gift}
 18835 | D:15     | Identified the +3 battleaxe "Sommoil" {speed, rElec Dex+8} (Trog gifted it to you on level 15 of the Dungeon)
 19108 | D:15     | Found a staircase to the Depths.
 19564 | D:15     | Reached skill level 10 in Dodging
 20022 | Shoals:1 | Entered Level 1 of the Shoals
 20040 | Shoals:1 | Received a gift from Trog
 20352 | Shoals:1 | Reached XP level 16. HP: 132/139 MP: 15/15
 20419 | Shoals:1 | You fall through a shaft!
 20529 | Shoals:1 | Received a gift from Trog
 20935 | Shoals:2 | Received a gift from Trog
 21181 | Shoals:2 | Received a gift from Trog
 22586 | Shoals:3 | Received a gift from Trog
 22628 | Shoals:4 | Entered Level 4 of the Shoals
 23111 | Shoals:4 | Noticed Ilsuiw
 23138 | Shoals:4 | Killed Ilsuiw
 23524 | Shoals:4 | HP: 10/216 [merfolk aquamancer/shard of ice (47)]
 23531 | Shoals:4 | HP: 7/216 [merfolk javelineer/javelin (11)]
 23534 | Shoals:4 | Hit by a javelin thrown by a merfolk javelineer

Vault maps used:
D:1:      minmay_arrival_four_loops
D:2:      nicolae_overflow_crystal_walls, first_bread,
          chequers_ecumenical_altar_island, uniq_terence, uniq_sigmund,
          uniq_natasha, uniq_iyjb
D:4:      serial_shops, kennysheep_mini, lemuel_old_faithful
D:5:      grunt_temple_overflow_open, uniq_blork_the_orc, uniq_prince_ribbit1
D:6:      portal_sewer_entry_d, serial_shops, nicolae_shop_stone,
          minmay_statues_item
D:7:      minitemple, serial_shops, shop, basic_altar
D:8:      elyvilon_altar_4, uniq_psyche
D:9:      zin_purify, grunt_qazlal_clouds, basic_altar
D:11:     minmay_lair_entry_grove, orc_0_dummy, uniq_maurice, uniq_harold
D:12:     enter_trove_0
D:13:     grunt_ogre_cave, minmay_hollow_rounded_squares
D:14:     david_vaults_1, grunt_ministairs_3
D:15:     hangedman_depths_entry_civil_slaughter, nicolae_twisting_strands
Lair:1:   guppyfry_lair_drakes
Lair:2:   spider_nest_entry_rubble, grunt_megastairs_4
Lair:3:   serial_bayou_pond_b, beast_lair_carwin_5, grunt_megastairs_2,
          infiniplex_staircase_pool, uniq_gastronok, uniq_nergalle
Lair:4:   shoals_dummy_entry, zaba_anthole, hibernation_bobbens
Lair:5:   slime_dummy, lemuel_fruit_tree, grunt_megastairs_5,
          serial_bayou_shore_a
Lair:6:   minmay_lair_end_enchanted_forest, basic_altar,
          nicolae_quartered_pool_medium, uniq_snorg
Shoals:1: dpeg_stationary_puzzle
Shoals:4: shoals_end_hangedman, shoals_ilsuiw_alternative
Orc:1:    serial_shops, shop, nicolae_shop_crystal, nicolae_shop_window_shopping
Orc:2:    st_orc_congregation, lab_entry_generic, serial_shops,
          nicolae_shop_overgrown_old_shop, uniq_erolcha, uniq_azrael, uniq_sonja
Lab:      labyrinth_watery, labyrinth_fake_exit, nicolae_lab_arrow,
          nicolae_lab_grate, labyrinth_skeletal_remains,
          nicolae_lab_very_dead_end, nicolae_lab_garden, nicolae_lab_stuck,
          lab_fountain, nicolae_lab_quarters, nicolae_lab_checkerboard,
          nicolae_lab_x
Trove:    trove_hunter_1
Sewer:    sewer_the_crocodile

Skill      XL: |  1  2  3  4  5  6  7  8  9 10 11 12 13 14 15 16 |
---------------+-------------------------------------------------+-----
Axes           | 4 5 7 9 11 13 16 17 18 19 20 | 20.3
Armour         | 4 7 9 11 12 | 12.5
Fighting       | 5 7 9 10 11 13 | 13.2
Dodging        | 4 6 8 10 11 | 11.5
Throwing       | 10 14 15 17 | 17.0

Action                   |  1- 3 |  4- 6 |  7- 9 | 10-12 | 13-15 | 16-18 || total
-------------------------+-------+-------+-------+-------+-------+-------++-------
Melee: Hand axe          |    43 |   121 |    48 |       |       |       ||   212
       Headbutt          |     7 |    12 |    42 |   112 |   247 |   162 ||   582
       War axe           |       |       |   153 |   327 |       |       ||   480
       Battleaxe         |       |       |       |   172 |  1101 |   563 ||  1836
Throw: Javelin           |       |       |       |     6 |    33 |       ||    39
       Tomahawk          |       |       |       |       |       |    29 ||    29
Invok: Berserk           |     1 |     3 |     8 |    18 |    20 |     6 ||    56
       Burn Spellbooks   |       |     1 |     2 |     3 |     5 |     3 ||    14
       Brothers in Arms  |       |       |     1 |     1 |     8 |     2 ||    12
       Trog's Hand       |       |       |       |       |     7 |     3 ||    10
Evoke: Wand              |       |       |       |     3 |     8 |     1 ||    12
  Use: Scroll            |     3 |    14 |     7 |     5 |     9 |     4 ||    42
       Potion            |       |     5 |       |     1 |       |       ||     6
 Stab: Sleeping          |     1 |       |       |       |       |       ||     1
       Distracted        |       |       |       |     1 |     2 |       ||     3
       Held in net/web   |       |       |       |     1 |       |       ||     1
       Petrified         |       |       |       |       |     1 |       ||     1
       Paralysed         |       |       |       |       |     2 |       ||     2
  Eat: Chunk             |     1 |     7 |    17 |    33 |    58 |    16 ||   132
       Pizza             |       |       |     1 |       |       |       ||     1
       Royal jelly       |       |       |       |       |     1 |       ||     1
Armor: Animal skin       |    18 |     7 |       |       |       |       ||    25
       Chain mail        |       |    44 |    64 |   158 |    97 |       ||   363
       Troll leather arm |       |       |       |       |   202 |    93 ||   295
Dodge: Dodged            |    42 |    49 |    81 |   178 |   593 |   296 ||  1239
